 Dungeon Crawl Stone Soup version 0.28.0-53-g5a82cb258f (webtiles) character file.

Game seed: 3673124844768977604

1375 Infinimo the Geomancer (level 8, -1/50 HPs)
             Began as a Gargoyle Earth Elementalist on June 11, 2022.
             Slain by Maggie
             ... wielding a +0 glaive
              (18 damage)
             ... on level 6 of the Dungeon.
             The game lasted 00:06:16 (6534 turns).

Infinimo the Geomancer (GrEE)                       Turns: 6534, Time: 00:06:16

Health: -1/50      AC: 11    Str: 11    XL:     8   Next: 66%
Magic:  12/15      EV: 11    Int: 19    God:
Gold:   33         SH:  0    Dex: 10    Spells: 13/17 levels left

rFire   . . .      SeeInvis .   k - +3 dagger (venom)
rCold   . . .      Faith    .   (no shield)
rNeg    + . .      Spirit   .   b - +0 robe
rPois   ∞          Reflect  .   (no helmet)
rElec   +          Harm     .   (no cloak)
rCorr   .          Rampage  .   (no gloves)
Will    .....                   (no boots)
Stlth   ++........              v - amulet of the acrobat
HPRegen 0.16/turn               m - +4 ring of protection
MPRegen 0.14/turn               (no ring)

@: mesmerised
A: sickness immunity, AC +5, negative energy resistance 1, electricity
resistance, torment resistance 1, petrification resistance
a: no special abilities


You were on level 6 of the Dungeon.
You visited 1 branch of the dungeon, and saw 6 of its levels.

You collected 229 gold pieces.
You spent 196 gold pieces at shops.

Inventory:

Hand Weapons
 k - a +3 dagger of venom (weapon)
Missiles
 c - 150 stones
Armour
 b - a +0 robe (worn)
Magical Staves
 l - a staff of earth
Jewellery
 m - a +4 ring of protection (left hand)
 v - an amulet of the acrobat (around neck)
Wands
 a - a wand of flame (10)
Scrolls
 i - a scroll of silence
Potions
 e - a potion of flight
 f - a potion of haste
 h - a potion of heal wounds
 n - a potion of berserk rage {unknown}
 o - a potion of attraction
 q - 3 potions of might
 r - 5 potions of curing
 t - a potion of invisibility {unknown}


   Skills:
 + Level 5.4 Fighting
 - Level 1.5 Dodging
 - Level 2.1 Stealth
 + Level 5.0 Spellcasting
 - Level 0.7 Transmutations
 * Level 9.5 Earth Magic


You had 13 spell levels left.
You knew the following spells:

 Your Spells              Type           Power      Damage    Failure   Level
a - Sandblast             Erth           82%        2d17      1%          1
b - Stone Arrow           Conj/Erth      44%        3d9       5%          3

Your spell library contained the following spells:

 Spells                   Type           Power      Damage    Failure   Level
 Passwall                 Tmut/Erth      20%        N/A       2%          2
 Animate Skeleton         Necr           8%         N/A       12%         1
 Pain                     Necr           16%        1d4       12%         1
 Petrify                  Tmut/Erth      24%        N/A       16%         4
 Vampiric Draining        Necr           4%         2d6       36%         3


Dungeon Overview and Level Annotations

Branches:
Dungeon (6/15)
 Temple: D:4-7

Altars:
Kikubaaqudgha
Makhleb
Qazlal
Wu Jian
Zin

Shops:
D:6 !

Annotations:
D:6 Maggie


Innate Abilities, Weirdness & Mutations

You are immune to sickness and miasma.
Your stone body is resilient. (AC +5)
You are immune to poison.
You resist negative energy. (rN+)
You are resistant to electric shocks. (rElec)
You are resistant to unholy torment.
You are immune to petrification.


Message History

Maggie misses you.
You hit the iguana.
The iguana looks even sicker.
The iguana is moderately wounded.
The iguana bites you.
Maggie points at you and mumbles some strange words.
The bolt of fire misses you. The iguana closely misses you.
Maggie casts a spell.
Maggie attempts to bespell you!
You are mesmerised by Maggie!
You see here a howler monkey corpse.
You cannot move away from Maggie!
Unknown command.
Unknown command.
You cannot move away from Maggie!
You hit the iguana but do no damage.
The iguana looks as sick as possible!
The iguana is moderately wounded.
The iguana bites you.
You cannot move away from Maggie!
As you read the scroll labelled GAS IRADOHEG, it crumbles to dust.
Your body is wracked with pain!
The iguana convulses!
Maggie convulses!
It was a scroll of torment.
The iguana bites you.
* * * LOW HITPOINT WARNING * * *
Maggie hits you but does no damage.
You feel much better. The iguana bites you. Maggie misses you.
You hit the iguana but do no damage.
The iguana is almost dead.
The iguana bites you but does no damage.
Maggie hits you from afar with a +0 glaive.
You hit the iguana but do no damage.
The iguana looks as sick as possible!
The iguana is almost dead.
You kill the iguana!
Maggie mumbles some strange words.
Maggie draws you further into her thrall.
Maggie hits you with a +0 glaive!
You see here an iguana corpse.
You hit Maggie but do no damage.
Maggie is poisoned.
Maggie is severely wounded.
Maggie hits you with a +0 glaive!!
You die...

*****
#..,*************,*****
,,,,* #..,,,,,,,,,*,,,*,*
***,* #..,*********,_,*,*
,**,* ##.## *,,,#.*
,,*,**#####...## **,*#.* ##
*,,,,,...[.....## *∩*#.* #.
,,,,**###.......## *,*#.* #.
,,,,**..........@#
*,*#.####.
,,*,**.##....(..@#
*,*#......
*,*,**,*##.....#†#
#.##...... *,*,**,*
##...##.# #.........
,,,,**,* #..###.#
####.##.#### *,****>* #>.#
#.# ##........... *,* *,*
#..# #.# #...####..PPP ,,*
#.####..###.# #............
*** #...<.......#
#.###.#...### *
######..########.###.#.>....


You could see Maggie (mesmerising, very poisoned).

Vanquished Creatures
  A water moccasin (D:5)
  2 necrophages (D:6)
  A black bear (D:6)
  2 ogres (D:5)
  A scorpion (D:3)
  4 wights (D:6)
  A howler monkey (D:6)
  An orc priest (D:3)
  4 hounds
  A bullfrog zombie (D:3)
  A bullfrog skeleton (D:6)
  2 centaur skeletons
  3 iguanas
  2 orc wizards (D:3)
  2 hound skeletons
  3 gnolls
  5 adders
  A white imp (D:5)
  An adder skeleton (D:4)
  3 worms (D:3)
  10 orcs
  A bat (D:3)
  2 endoplasms
  7 goblins
  6 hobgoblins
  4 jackals (D:3)
  4 quokkas
  5 ball pythons
  A frilled lizard (D:2)
  5 kobolds
  2 rats
88 creatures vanquished.

Notes
Turn   | Place    | Note
-------+----------+-------------------------------------------
     0 | D:1      | Infinimo the Gargoyle Earth Elementalist began the quest
                  | for the Orb.
     0 | D:1      | Reached XP level 1. HP: 10/10 MP: 3/3
    11 | D:1      | Found a faded altar of an unknown god.
  1070 | D:2      | Reached skill level 4 in Earth Magic
  1070 | D:2      | Reached XP level 2. HP: 16/16 MP: 5/5
  1102 | D:2      | Reached skill level 1 in Fighting
  1224 | D:1      | Reached XP level 3. HP: 8/20 MP: 6/6
  1228 | D:1      | Learned a level 3 spell: Stone Arrow
  1811 | D:2      | Found a burning altar of Makhleb.
  1825 | D:2      | Reached XP level 4. HP: 26/26 MP: 7/7
  1848 | D:2      | Reached skill level 5 in Earth Magic
  2082 | D:3      | Noticed a scorpion
  2433 | D:3      | Killed a scorpion
  2434 | D:3      | Reached XP level 5. HP: 28/31 MP: 7/9
  2922 | D:3      | Reached skill level 6 in Earth Magic
  2930 | D:3      | Reached XP level 6. HP: 15/36 MP: 2/10
  4065 | D:4      | Found a stormy altar of Qazlal.
  4532 | D:5      | Entered Level 5 of the Dungeon
  4933 | D:5      | Found an ancient bone altar of Kikubaaqudgha.
  4977 | D:5      | Reached skill level 7 in Earth Magic
  4978 | D:5      | Reached XP level 7. HP: 39/42 MP: 7/12
  5850 | D:5      | Found a glowing silver altar of Zin.
  5850 | D:5      | Noticed an angel
  6011 | D:5      | Reached skill level 8 in Earth Magic
  6119 | D:6      | Found Bemic's Distillery.
  6127 | D:6      | Reached XP level 8. HP: 48/48 MP: 12/14
  6193 | D:6      | Bought a potion of heal wounds for 70 gold pieces
  6193 | D:6      | Bought a potion of curing for 42 gold pieces
  6193 | D:6      | Bought a potion of curing for 42 gold pieces
  6193 | D:6      | Bought a potion of curing for 42 gold pieces
  6286 | D:6      | Reached skill level 5 in Fighting
  6359 | D:6      | Found an ornate altar of the Wu Jian Council.
  6397 | D:6      | Reached skill level 9 in Earth Magic
  6478 | D:6      | Reached skill level 5 in Spellcasting
  6509 | D:6      | Noticed Maggie
  6534 | D:6      | Slain by Maggie

Illustrated notes

Levels and vault maps discovered:
D:1:      minmay_arrival_semitransparent, layout_basic,
          ebering_ecumenical_altar_ruins
D:2:      layout_loops_ring, basic_altar, chequers_serial_rivers_small_a,
          chequers_decorated_corner
D:3:      layout_basic, grunt_ministairs_14, guppyfry_early_orc_mine
D:4:      layout_basic, nicolae_overflow_crystal_walls
D:5:      layout_loops_ring, mainiacjoe_overflow_surrounded_room, zin_angel,
          st_stairs_1, minmay_hedge_maze
D:6:      layout_loops_ring, mainiacjoe_overflow_boulevard,
          nzn_hepliaklqana_mist_gate, serial_shops,
          nicolae_shop_competitors_out_of_business,
          chequers_serial_rivers_room_b, minmay_manual_moon, uniq_maggie

Skill      XL: |  1  2  3  4  5  6  7  8 |
---------------+-------------------------+-----
Earth Magic    | 4 5 6 7 8 9 |  9.5
Fighting       | 1 2 3 4 5 |  5.4
Spellcasting   | 3 4 5 |  5.0
Dodging        | |  1.5
Stealth        | |  2.1
Transmutations | |  0.7

Action                   |  1- 3 |  4- 6 |  7- 9 || total
-------------------------+-------+-------+-------++-------
Melee: Dagger            |    42 |   101 |    39 ||   182
 Cast: Sandblast         |     5 |    45 |    39 ||    89
  Use: Potion            |       |     3 |     1 ||     4
       Scroll            |       |       |    12 ||    12
 Stab: Sleeping          |     3 |     4 |       ||     7
Armor: Robe              |    10 |    40 |    42 ||    92
       Skin              |       |     2 |       ||     2
Dodge: Dodged            |    20 |    42 |    47 ||   109
